 Dungeon Crawl Stone Soup version 0.22-a0-282-gdd34a7dfb5 (webtiles) character file.

333 Dhoulmagus the Conjurer (level 6, -1/41 HPs)
             Began as a Mummy Wizard on Mar 18, 2018.
             Slain by an adder (3 damage)
             ... in a sewer.
             The game lasted 00:11:00 (3551 turns).

Dhoulmagus the Conjurer (Mummy Wizard)              Turns: 3551, Time: 00:11:01

Health: -1/41      AC:  2    Str: 10    XL:     6   Next: 27%
Magic:  0/12       EV:  8    Int: 20    God:
Gold:   145        SH:  3    Dex: 10    Spells: 4/13 levels left

rFire    x . .     SeeInvis .   h - +0 trident
rCold    + . .     Gourm    .   e - +0 buckler
rNeg     + + +     Faith    .   a - +0 robe
rPois    ∞         Spirit   .   b - +0 hat
rElec    .         Reflect  .   (no cloak)
rCorr    .         Harm     .   (no gloves)
MR       .....                  (no boots)
Stlth    +.........             (no amulet)
HPRegen  0.13/turn              (no ring)
MPRegen  0.13/turn              (no ring)

@: constricted, very slow
A: no food or potions, fire vulnerability, cold resistance 1, negative energy
resistance 3, torment resistance, unbreathing
a: no special abilities


You were in a sewer.
You were not hungry.

You visited 1 branch of the dungeon, and saw 4 of its levels.
You also visited: Sewer.

You collected 145 gold pieces.

Inventory:

Hand Weapons
 h - a +0 trident (weapon)
Armour
 a - a +0 robe (worn)
 b - a +0 hat (worn)
 e - a +0 buckler (worn)
Scrolls
 c - a scroll of teleportation
 d - a scroll of remove curse
 f - a scroll of identify
 i - a scroll of immolation


   Skills:
 - Level 1.5 Dodging
 - Level 1.5 Stealth
 - Level 4.0 Spellcasting
 + Level 4.8 Conjurations
   Level 0.7 Summonings
 - Level 1.0 Translocations
 - Level 1.0 Air Magic
 - Level 1.1 Poison Magic


You had 4 spell levels left.
You knew the following spells:

 Your Spells              Type           Power        Failure   Level  Hunger
a - Magic Dart            Conj           ###.         3%          1    N/A
b - Blink                 Tloc           N/A          21%         2    N/A
c - Mephitic Cloud        Conj/Pois/Air  ##......     24%         3    N/A
d - Conjure Flame         Conj/Fire      ##......     24%         3    N/A

Dungeon Overview and Level Annotations

Branches:
Dungeon (5/15)
 Temple: D:4-7

Altars:
The Shining One

Annotations:
D:2 Sigmund


Innate Abilities, Weirdness & Mutations

You do not eat or drink.
Your flesh is vulnerable to fire.
You are immune to poison.
Your flesh is cold resistant. (rC+)
You are immune to negative energy. (rN+++)
You are immune to unholy pain and torment.
You can survive without breathing.


Message History

The ball python bites you but does no damage.
* * * LOW HITPOINT WARNING * * *
The ball python constricts you.
Unknown command.
Casting: Magic Dart (safe; 3% risk of failure)
Confirm with . or Enter, or press ? or * to list all spells.
Aiming: Magic Dart (safe; 3% risk of failure)
Press: ? - help, Shift-Dir - straight line, f/p - adder
Aim: an adder (moderately wounded)
The magic dart hits the adder.
The adder is severely wounded.
The adder bites you.
* * * LOW HITPOINT WARNING * * *
The ball python bites you but does no damage.
* * * LOW HITPOINT WARNING * * *
The ball python constricts you.
Okay, then.
Your unstable footing causes you to fumble your attack.
The adder bites you.
You die...

#≈≈≈≈≈≈#
#≈.≈≈≈≈
#.≈≈≈≈≈#
#≈≈≈≈≈≈
#≈≈≈≈≈≈#
#≈≈≈≈.≈
#≈≈≈≈≈≈#
#≈≈#≈≈≈
#≈≈≈≈≈≈#
#≈≈≈#≈≈
#≈#≈≈≈≈#
#≈≈≈≈≈≈
#≈≈≈≈≈≈#
#≈≈≈≈≈≈
#≈≈≈†≈≈#
#≈≈≈≈≈≈
#≈≈@≈≈≈#
#≈≈≈≈≈≈
#≈≈SS≈≈#
#≈≈≈≈≈≈
#.†.≈≈†#
##...≈.
#......#
#......
......##
#..∩∩..
.......#
#......
.......##
##....#
.......##
######


You could see an adder and a ball python.

Vanquished Creatures
  A bullfrog (D:3)
  A hound (D:5)
  An orc wizard (D:3)
  2 worker ants
  7 adders
  2 river rats (Sewer)
  An adder skeleton (D:3)
  A worm (D:2)
  A dart slug (D:1)
  5 leopard geckos
  4 orcs (D:3)
  2 giant cockroaches
  9 goblins
  5 hobgoblins
  5 kobolds
  2 quokkas
  4 ball pythons
  8 bats
  4 frilled lizards
  22 rats
87 creatures vanquished.

Notes
Turn   | Place    | Note
-------+----------+-------------------------------------------
     0 | D:1      | Dhoulmagus the Mummy Wizard began the quest for the Orb.
     0 | D:1      | Reached XP level 1. HP: 13/13 MP: 5/5
    36 | D:1      | Reached skill level 1 in Conjurations
   252 | D:1      | Reached XP level 2. HP: 19/19 MP: 0/7
   623 | D:1      | Reached XP level 3. HP: 24/24 MP: 5/8
  1292 | D:2      | Learned a level 2 spell: Blink
  1296 | D:2      | Learned a level 3 spell: Mephitic Cloud
  1300 | D:2      | Learned a level 3 spell: Conjure Flame
  1704 | D:2      | Noticed Sigmund
  1810 | D:2      | You fall through a shaft!
  1831 | D:3      | Reached XP level 4. HP: 10/30 MP: 1/10
  2069 | D:3      | Noticed a bullfrog
  2077 | D:3      | Killed a bullfrog
  2204 | D:3      | Reached skill level 1 in Poison Magic
  2204 | D:3      | Reached XP level 5. HP: 35/35 MP: 7/11
  2413 | D:3      | Found a glowing golden altar of the Shining One.
  2431 | D:3      | Reached skill level 1 in Air Magic
  2758 | D:3      | Reached skill level 1 in Translocations
  3021 | D:3      | You fall through a shaft for 2 floors!
  3021 | D:5      | Entered Level 5 of the Dungeon
  3057 | D:5      | Reached XP level 6. HP: 12/41 MP: 4/12
  3201 | D:5      | Found a glowing drain.
  3205 | Sewer    | Entered a sewer
  3550 | Sewer    | HP: 2/41 [adder (4)]
  3551 | Sewer    | Slain by an adder

Vault maps used:
D:1:      saegor_arrival_simple_d, minmay_misc_feat_room, item_on_display_a
D:2:      minmay_wonky_spiral, first_ration, uniq_sigmund
D:3:      nicolae_tso_swordbearing_angel
D:5:      old_standard_altar, gup_sewer_entry_bowl
Sewer:    sewer_minmay_w

Skill      XL: |  1  2  3  4  5 |
---------------+----------------+-----
Conjurations   | 1 2 3 4 |  4.8
Poison Magic   | 1 |  1.1
Air Magic      | 1 |  1.0
Translocations | 1 |  1.0
Dodging        | |  1.5
Stealth        | |  1.5
Spellcasting   | |  4.0
Summonings     | |  0.7

Action                   |  1- 3 |  4- 6 || total
-------------------------+-------+-------++-------
Melee: Dagger            |     2 |       ||     2
       Unarmed           |     1 |       ||     1
       Spear             |    53 |     9 ||    62
       Trident           |       |    36 ||    36
 Cast: Magic Dart        |    86 |    99 ||   185
       Mephitic Cloud    |       |     2 ||     2
  Use: Scroll            |       |     6 ||     6
 Stab: Sleeping          |     1 |     1 ||     2
Armor: Robe              |    11 |     7 ||    18
Dodge: Dodged            |    32 |    43 ||    75
Block: Buckler           |       |     8 ||     8

Table legend:
 A = Spawn XP
 B = Non-spawn XP
 C = Spawn XP percentage of total XP
 D = Spawn monster count
 E = Non-spawn monster count
 F = Spawn count percentage of total count
 G = Total turns spent on level
                    A         B        C        D         E        F      G
               +---------+---------+-------+---------+---------+-------+---------
         Total |       0 |     477 |   0.0 |       0 |      87 |   0.0 |  3551
               +---------+---------+-------+---------+---------+-------+---------
           D:1 |       0 |      43 |   0.0 |       0 |      24 |   0.0 |  1167
           D:2 |       0 |      38 |   0.0 |       0 |      16 |   0.0 |   643
           D:3 |       0 |     240 |   0.0 |       0 |      22 |   0.0 |  1211
           D:5 |       0 |      88 |   0.0 |       0 |       6 |   0.0 |   184
         Sewer |       0 |      68 |   0.0 |       0 |      19 |   0.0 |   346
               +---------+---------+-------+---------+---------+-------+---------
